 Dungeon Crawl Stone Soup version 0.31-a0-844-gdc52ec4e09 (webtiles) character file.

Game seed: 4371767993561936306

435 IndexError the Conjurer (level 7, 16/36 HPs)
             Began as a Gargoyle Conjurer on Sept 28, 2023.
             Was an Initiate of Yredelemnul.
             Quit the game on level 4 of the Dungeon.
             The game lasted 00:03:55 (4150 turns).

IndexError the Conjurer (Gargoyle Conjurer)         Turns: 4150, Time: 00:03:55

Health: 16/36      AC:  7    Str: 11    XL:     7   Next: 0%
Magic:  2/14       EV: 11    Int: 20    God:    Yredelemnul [......]
Gold:   144        SH:  0    Dex:  8    Spells: 12/15 levels left

rFire   + . .        h - staff of fire {rF+}
rCold   . . .        (no shield)
rNeg    + . .        a - +0 robe
rPois   ∞            (no helmet)
rElec   +            (no cloak)
rCorr   .            (no gloves)
SInv    .            c - +0 pair of boots
Will    .....        (no amulet)
Stlth   ++           (no ring)
HPRegen 0.26/turn    (no ring)
MPRegen 0.14/turn

%: no passive effects
@: weakened
A: sickness immunity, AC +4, negative energy resistance 1, electricity
resistance, torment resistance 1, petrification resistance
a: Renounce Religion, Recall Undead Harvest


You were on level 4 of the Dungeon.
You worshipped Yredelemnul.
Yredelemnul was noncommittal.
You visited 1 branch of the dungeon, and saw 4 of its levels.

You collected 144 gold pieces.

Inventory:

Hand Weapons
 e - a +0 dagger
   (You took it off a kobold on level 1 of the Dungeon)
Armour
 a - a +0 robe (worn)
 c - a +0 pair of boots (worn)
   (You found it on level 1 of the Dungeon)
 v - a +0 cloak
   (You found it on level 4 of the Dungeon)
Magical Staves
 h - a staff of fire (weapon) {rF+}
   (You found it on level 1 of the Dungeon)
 i - a staff of cold {rC+}
   (You found it on level 1 of the Dungeon)
 u - a staff of fire {rF+}
   (You found it on level 4 of the Dungeon)
Wands
 r - a wand of flame (12)
   (You found it on level 4 of the Dungeon)
Scrolls
 f - 4 scrolls of teleportation {unknown}
 g - a scroll of blinking {unknown}
 n - 9 scrolls of identify {unknown}
 p - a scroll of poison {unknown}
 t - a scroll of fear {unknown}
Potions
 b - 3 potions of magic
 d - 2 potions of mutation {unknown}
 j - a potion of enlightenment {unknown}
 k - 2 potions of lignification {unknown}
 l - a potion of experience {unknown}
 m - a potion of cancellation {unknown}
 o - a potion of curing {unknown}
 q - 2 potions of attraction {unknown}
 s - a potion of resistance {unknown}
 w - a potion of heal wounds {unknown}


   Skills:
 - Level 1.5 Dodging
 - Level 2.1 Stealth
 + Level 4.9 Spellcasting
 + Level 7.0 Conjurations


You had 12 spell levels left.
You knew the following spells:

 Your Spells              Type           Power      Damage    Failure   Level
a - Magic Dart            Conj           100%       1d8       1%          1
b - Searing Ray           Conj           66%        2d6       1%          2

Your spell library contained the following spells:

 Spells                   Type           Power      Damage    Failure   Level
 Dazzling Flash           Conj/Hex       36%        N/A       9%          3
 Ensorcelled Hibernation  Hex/Ice        8%         N/A       19%         2
 Passwall                 Tmut/Erth      3%         N/A       19%         2
 Fulminant Prism          Conj/Hex       9%         3d7       28%         4
 Iskenderun's Mystic Bla  Conj/Tloc      18%        2d6       28%         4
 Swiftness                Air            4%         N/A       34%         3


Dungeon Overview and Level Annotations

Branches:
Dungeon (4/15)
 Temple: D:4-7

Altars:
Ashenzari
Gozag
Kikubaaqudgha
Xom
Yredelemnul
The Shining One

Shops:
D:1 (


Innate Abilities, Weirdness & Mutations

You are immune to sickness and miasma.
Your stone body is resilient. (AC +4)
You are immune to poison.
You resist negative energy. (rN+)
You are resistant to electric shocks. (rElec)
You are resistant to unholy torment.
You are immune to petrification.


Message History

Press: ? - help, Shift-Dir - straight line, f/p - gnoll
Aim: a gnoll, wielding a +0 spear (heavily wounded, ally target, 100% to hit)
The magic dart hits the gnoll.
The gnoll barely misses you.
Your gnoll zombie barely misses the gnoll.
You now have 1/13 mp.
Casting: Magic Dart (safe; 1% risk of failure)
Confirm with . or Enter, or press ? or * to list all spells.
Aiming: Magic Dart (safe; 1% risk of failure)
Press: ? - help, Shift-Dir - straight line, f/p - gnoll
Aim: a gnoll, wielding a +0 spear (almost dead, ally target, 100% to hit)
You miscast Magic Dart.
You are very lightly contaminated with residual magic.
Nothing appears to happen.
Your gnoll zombie hits the gnoll.
The dead are walking!
You now have 0/13 mp.
Your gnoll zombie barely misses the gnoll.
Your gnoll zombie hits the gnoll.
You see here a +0 flail.
The gnoll barely misses your gnoll zombie.
The gnoll hits your gnoll zombie with a +0 hand axe.
Your gnoll zombie hits the gnoll.
Things that are here:
a +0 spear; a +0 halberd You are too injured to fight recklessly!
You are too injured to fight recklessly!
The gnoll barely misses you.
The gnoll hits your gnoll zombie with a +0 hand axe!
The gnoll completely misses your gnoll zombie.
The gnoll hits your gnoll zombie with a +0 hand axe.
Your gnoll zombie barely misses the gnoll.
Your gnoll zombie hits the gnoll.
Your gnoll zombie closely misses the gnoll.
Items here: ( ))).
You catch the helpless gnoll completely off-guard!
You hit the gnoll but do no damage. The gnoll closely misses you.
The gnoll hits your gnoll zombie with a +0 hand axe. x3
Your gnoll zombie hits the gnoll. x2
Your Conjurations skill increases to level 7!
The gnoll shouts!
You hear a shout!
A gnoll opens the door.
A gnoll comes into view. It is wielding a +0 spear.
You see here a +0 hand axe.
A gnoll comes into view. It is wielding a +0 spear.
Your magical contamination has completely faded away.
A gnoll sergeant comes into view.
It is wielding a +0 trident of protection.
The gnoll hits you from afar with a +0 spear.
The gnoll bouda gazes fiercely through you!
You feel your attacks grow feeble.
Your gnoll zombie hits the gnoll but does no damage.
You take 6 damage, and have 14/32 hp.
Your spectral ufetubus closely misses the gnoll.
Your spectral ufetubus hits the gnoll.
Your spectral ufetubus drains the gnoll.
The gnoll bouda barks out a call to the hunt!
The gnolls pick up the pace!
The gnoll sergeant hits something with a +0 trident of protection!
Something hits your spectral ufetubus. The gnoll barely misses you.
The gnoll bouda barks out a call to the hunt!
The gnoll picks up the pace!
Your gnoll zombie hits the gnoll.
The gnoll hits you from afar with a +0 spear.
Your gnoll zombie hits the gnoll.
You see here a +0 hand axe.
You take 2 damage, and have 13/32 hp.
Your spectral ufetubus closely misses the gnoll.
Your spectral ufetubus hits the gnoll but does no damage.
The gnoll bouda calls upon its god to heal the gnoll.
The gnoll is healed somewhat.
Your gnoll zombie hits the gnoll.
Your spectral ufetubus hits the gnoll.
Your spectral ufetubus drains the gnoll.
Your spectral ufetubus hits the gnoll.
The gnoll hits your gnoll zombie with a +0 spear.
Items here: ( ))).
Your spectral ufetubus hits the gnoll.
The gnoll sergeant hits your gnoll zombie with a +0 trident of protection.
Your gnoll zombie hits the gnoll sergeant but does no damage.
You have reached level 7!
Things that are here:
a +0 flail; a +0 halberd You regained 2 hp, and now have 15/36 hp.
Your spectral ufetubus hits the gnoll sergeant but does no damage. x2
Your spectral ufetubus closely misses the gnoll sergeant.
Your spectral ufetubus completely misses the gnoll sergeant.
The gnoll hits your gnoll zombie with a +0 spear!
The gnoll sergeant hits your gnoll zombie with a +0 trident of protection!
Things that are here:
a +0 spear; a +0 halberd Your spectral ufetubus barely misses the gnoll sergeant. x2
The gnoll bouda gazes fiercely through you!
You feel as though you will be weak longer.
The gnoll sergeant misses your spectral ufetubus.
You see here a +0 flail.
The gnoll sergeant blocks your spectral ufetubus's attack.
Your spectral ufetubus hits the gnoll sergeant but does no damage.
The gnoll sergeant blocks your spectral ufetubus's attack.
Your spectral ufetubus closely misses the gnoll sergeant.
Your spectral ufetubus hits the gnoll sergeant.
Your spectral ufetubus drains the gnoll sergeant.
Your spectral ufetubus hits the gnoll sergeant but does no damage.
Are you sure you want to abandon this character and quit the game? (Confirm with "yes".)

##...# ♣..♣....♣ #....##.# ##..#
### ♣).)♣.♣ ####....#
##...####.## ♣...Z.♣ #....###
#..#.......# ♣♣.g)♣♣### ##..##.##
..##..#....###♣.gg♣##.###..####..
.....####....#♣♣g♣♣#...#...# ##.
.....# ##...# ♣)♣##......## ##
#....# #.#####.##.......# ##.
.....# ##...#..@.........## ##..
.#...####..........######..###..#
.........####......## ##..#..##
.###.....# #.......## ##...##. .#
##....# ##........## ##......
.####....# #..##..#...####...##.#
....#....###............#..####..
......................##..## ##.
.............####...#####.# #.


You could see a gnoll sergeant (swift, drained, ally target), a gnoll bouda, 2
gnolls and a friendly spectral ufetubus.

Vanquished Creatures
  A sky beast (D:4)
  A kobold brigand (D:4)
  A howler monkey (D:4)
  A jelly (D:4)
  6 gnolls (D:4)
  5 adders
  An ufetubus (D:4)
  2 worms (D:3)
  5 dart slugs
  3 orcs (D:3)
  2 ball pythons
  4 endoplasms
  2 giant cockroaches
  5 goblins
  7 hobgoblins
  A quokka (D:3)
  3 bats
  3 frilled lizards
  6 kobolds (D:1)
  2 rats
61 creatures vanquished.

Vanquished Creatures (collateral kills)
  3 gnolls (D:4)
  A bat (D:2)
  A rat (D:3)
5 creatures vanquished.

Vanquished Creatures (others)
  4 gnoll zombies (D:4)
  An endoplasm zombie (D:3)
5 creatures vanquished.

Grand Total: 71 creatures vanquished

Notes
Turn   | Place    | Note
-------+----------+-------------------------------------------
     0 | D:1      | IndexError the Gargoyle Conjurer began the quest for the
                  | Orb.
     0 | D:1      | Reached XP level 1. HP: 10/10 MP: 3/3
   256 | D:1      | Found Eschaaqu's Weapon Emporium.
   299 | D:1      | Reached XP level 2. HP: 15/15 MP: 3/5
  1396 | D:2      | Reached XP level 3. HP: 19/19 MP: 1/6
  1517 | D:2      | Reached skill level 5 in Conjurations
  1795 | D:2      | Reached skill level 3 in Spellcasting
  1827 | D:2      | Found a faded altar of an unknown god.
  1861 | D:2      | Prayed at the altar of an unknown god.
  1861 | D:2      | Became a worshipper of Yredelemnul the Dark
  1861 | D:2      | Reached * piety under Yredelemnul
  2013 | D:2      | Reached XP level 4. HP: 24/24 MP: 4/8
  2052 | D:2      | Reached ** piety under Yredelemnul
  2392 | D:3      | Found a broken altar of Ashenzari.
  2669 | D:3      | Learned a level 2 spell: Searing Ray
  2821 | D:3      | Found a glowing golden altar of the Shining One.
  3223 | D:4      | Noticed a kobold brigand
  3227 | D:4      | Killed a kobold brigand
  3228 | D:4      | Reached skill level 6 in Conjurations
  3228 | D:4      | Reached XP level 5. HP: 22/28 MP: 4/10
  3293 | D:4      | Noticed a sky beast
  3301 | D:4      | Killed a sky beast
  3302 | D:4      | Reached skill level 4 in Spellcasting
  3302 | D:4      | Reached XP level 6. HP: 26/32 MP: 2/12
  3379 | D:4      | Found an ancient bone altar of Kikubaaqudgha.
  3678 | D:4      | Found an opulent altar of Gozag.
  3825 | D:4      | Found a shimmering altar of Xom.
  4137 | D:4      | Reached skill level 7 in Conjurations
  4138 | D:4      | Found the +5 woodcutter's axe
  4146 | D:4      | Reached XP level 7. HP: 15/36 MP: 2/14
  4150 | D:4      | Quit the game

Illustrated notes

Levels and vault maps discovered:
D:1:      lightli_arrival_maybe_door_vault, layout_loops_corners, serial_shops,
          nicolae_shop_bloodbath_and_beyond
D:2:      layout_loops_corners, chequers_ecumenical_altar_simple_redux,
          st_stairs_6
D:3:      layout_basic, nicolae_tso_carved_into_rock,
          cheibrodos_ashenzari_chains
D:4:      layout_layer_cave, nicolae_overflow_crystal_walls,
          lemuel_doored_altar, nicolae_overflow_hidden_temple, st_stairs_8,
          pf_guarded_unrand_woodcutter, uniq_crazy_yiuf_cottage

Skill      XL: |  1  2  3  4  5  6 |
---------------+-------------------+-----
Conjurations   | 5 6 7 |  7.0
Spellcasting   | 3 4 |  4.9
Dodging        | |  1.5
Stealth        | |  2.1

Action                     |  1- 3 |  4- 6 |  7- 9 || total
---------------------------+-------+-------+-------++-------
  Melee: Dagger            |     1 |       |       ||     1
         Staff             |       |     2 |       ||     2
   Cast: Magic Dart        |    59 |    54 |       ||   113
         Searing Ray       |       |     5 |       ||     5
   Stab: Distracted        |       |     1 |       ||     1
 Armour: Robe              |     3 |    22 |       ||    25
  Dodge: Dodged            |     3 |    13 |       ||    16

Table legend: (Time is in decaauts)
 A = Elapsed time spent in this place.
 B = Non-inter-level travel time spent in this place.
 C = Inter-level travel time spent in this place.
 D = Time resting spent in this place.
 E = Time spent auto-exploring this place.
 F = Levels seen in this place.
 G = Mean time per level.
                   A        B        C        D        E       F      G
               +--------+--------+--------+--------+--------+-----+--------+
         Total |   5047 |   4582 |    465 |      0 |   4225 |   4 | 1261.8 |
       Dungeon |   5047 |   4582 |    465 |      0 |   4225 |   4 | 1261.8 |
               +--------+--------+--------+--------+--------+-----+--------+

Top non-repeatable levels by time:
     D:3: 1558 daAuts
     D:2: 1326 daAuts
     D:1: 1298 daAuts
     D:4: 864 daAuts

Levels and vault maps discovered:
D:1:      lightli_arrival_maybe_door_vault, layout_loops_corners, serial_shops,
          nicolae_shop_bloodbath_and_beyond
D:2:      layout_loops_corners, chequers_ecumenical_altar_simple_redux,
          st_stairs_6
D:3:      layout_basic, nicolae_tso_carved_into_rock,
          cheibrodos_ashenzari_chains
D:4:      layout_layer_cave, nicolae_overflow_crystal_walls,
          lemuel_doored_altar, nicolae_overflow_hidden_temple, st_stairs_8,
          pf_guarded_unrand_woodcutter, uniq_crazy_yiuf_cottage

Table legend: (Time is in decaauts)
 A = Elapsed time spent in this place.
 B = Non-inter-level travel time spent in this place.
 C = Inter-level travel time spent in this place.
 D = Time resting spent in this place.
 E = Time spent auto-exploring this place.
 F = Levels seen in this place.
 G = Mean time per level.
                   A        B        C        D        E       F      G
               +--------+--------+--------+--------+--------+-----+--------+
         Total |   5047 |   4582 |    465 |      0 |   4225 |   4 | 1261.8 |
       Dungeon |   5047 |   4582 |    465 |      0 |   4225 |   4 | 1261.8 |
               +--------+--------+--------+--------+--------+-----+--------+

Top non-repeatable levels by time:
     D:3: 1558 daAuts
     D:2: 1326 daAuts
     D:1: 1298 daAuts
     D:4: 864 daAuts

Table legend:
 A = Kills in this place as a percentage of kills in the entire game.
 B = Kills by you in this place as a percentage of kills by you in the entire game.
 C = Kills by friends in this place as a percentage of kills by friends in the entire game.
 D = Other kills in this place as a percentage of other kills in the entire game.
 E = Experience gained in this place as a percentage of experience gained in the entire game.
 F = Experience gained in this place divided by the number of levels of this place that you have seen.
                   A       B       C       D       E      F
               +-------+-------+-------+-------+-------+----------------------
         Total | 100.0 | 100.0 | 100.0 |   N/A | 100.0 | 155.5
       Dungeon | 100.0 | 100.0 | 100.0 |   N/A | 100.0 | 155.5
               +-------+-------+-------+-------+-------+----------------------
